 Dungeon Crawl Stone Soup version 0.21.1-1-g345015fe64 (webtiles) character file.

169 Peloso the Shield-Bearer (level 5, 0/41 HPs)
             Began as a Demonspawn Fighter on May 12, 2018.
             Killed by divine providence
             ... invoked by an orc priest
              (7 damage)
             ... on level 3 of the Dungeon.
             The game lasted 00:03:52 (1515 turns).

Peloso the Shield-Bearer (Demonspawn Fighter)       Turns: 1515, Time: 00:03:53

Health: 0/41       AC: 13    Str: 14 (17) XL:     5   Next: 25%
Magic:  5/5        EV:  1    Int:  7 (9)  God:
Gold:   70         SH:  8    Dex: 11 (13) Spells: 4/4 levels left

rFire    . . .     SeeInvis .   a - +0 long sword
rCold    . . .     Gourm    .   c - +0 shield
rNeg     + . .     Faith    .   b - +0 plate armour
rPois    .         Spirit   .   p - +1 helmet
rElec    .         Reflect  .   (no cloak)
rCorr    .         Harm     .   (no gloves)
MR       .....                  (no boots)
Stlth    ..........             (no amulet)
HPRegen  0.13/turn              k - ring of positive energy
MPRegen  0.09/turn              (no ring)

@: flying
A: powered by death 2, spiny 1
a: no special abilities


You were on level 3 of the Dungeon.
You were not hungry.

You visited 1 branch of the dungeon, and saw 3 of its levels.

You collected 70 gold pieces.

Inventory:

Hand Weapons
 a - a +0 long sword (weapon)
Armour
 b - a +0 plate armour (worn)
 c - a +0 shield (worn)
 p - a +1 helmet (worn)
Jewellery
 k - a ring of positive energy (left hand)
Scrolls
 g - a scroll of teleportation {unknown}
 i - a scroll of remove curse {unknown}
 l - a scroll of identify {unknown}
 n - 3 scrolls of amnesia {unknown}
 o - a scroll of enchant weapon {unknown}
 s - a scroll of enchant armour {unknown}
Potions
 d - 2 potions of might
 e - a potion of invisibility {unknown}
 h - 2 potions of flight
 j - 2 potions of haste
 m - a potion of degeneration
 r - a potion of cancellation {unknown}
Comestibles
 f - 8 rations
 q - 2 chunks of flesh


   Skills:
 + Level 3.6 Fighting
 + Level 3.3 Long Blades
 + Level 3.3 Armour
 + Level 0.3 Dodging
 + Level 3.6 Shields


You had 4 spell levels left.
You didn't know any spells.

Dungeon Overview and Level Annotations

Branches:
Dungeon (3/15)

Altars:
Qazlal
Wu Jian
The Shining One


Innate Abilities, Weirdness & Mutations

You regenerate health from kills.
You are partially covered in sharp spines.


Message History

You block the orc priest's attack.
The orc priest begins to cast a cantrip, but forgets the words!
You block the orc priest's attack. You block the orc priest's attack.
You see here an orc corpse.
The orc priest hits you but does no damage.
The orc priest calls down the wrath of Beogh upon you.
Pain shoots through your body!
* * * LOW HITPOINT WARNING * * *
The orc priest barely misses you. You block the orc priest's attack.
The orc priest hits you with a trident.
* * * LOW HITPOINT WARNING * * *
You block the orc priest's attack. You block the orc priest's attack.
You block the orc priest's attack. You block the orc priest's attack.
The orc priest invokes the aid of Beogh against you.
Beogh smites you!
You die...

##.# #. ..#####.
#####.#...#. #
...#...#(#.####+
#.##.#...#.#......
#..........#......
##.######..............
#.oooo@....)...###.....
##########.............
.................
###.......##.....
#....#.#.####.##
#...##>.........
#......#.###...#
#..###.... +.... ..
..... #. #


You could see an orc priest and 3 orcs.

Vanquished Creatures
  Natasha (twice) (D:2)
  Robin (D:2)
  4 gnolls (D:3)
  An adder (D:2)
  A dart slug (D:1)
  2 worms
  2 leopard geckos (D:1)
  3 orcs
  4 bats
  3 giant cockroaches
  10 goblins
  8 hobgoblins
  2 jackals (D:2)
  A quokka (D:3)
  A ball python (D:3)
  A frilled lizard (D:1)
  7 kobolds
  5 rats
58 creatures vanquished.

Notes
Turn   | Place    | Note
-------+----------+-------------------------------------------
     0 | D:1      | Peloso the Demonspawn Fighter began the quest for the Orb.
     0 | D:1      | Reached XP level 1. HP: 18/18 MP: 1/1
   127 | D:1      | Gained mutation: You are partially covered in sharp spines. [demonic ancestry]
   127 | D:1      | Reached XP level 2. HP: 24/24 MP: 2/2
   558 | D:2      | Found an ornate altar of the Wu Jian Council.
   641 | D:2      | Gained mutation: You regenerate a little health from kills. [demonic ancestry]
   641 | D:2      | Reached XP level 3. HP: 25/29 MP: 3/3
   725 | D:2      | Found a stormy altar of Qazlal.
   752 | D:2      | Noticed Robin
   778 | D:2      | Killed Robin
   837 | D:2      | Gained mutation: You regenerate health from kills. [demonic ancestry]
   837 | D:2      | Reached XP level 4. HP: 35/35 MP: 4/4
   978 | D:2      | Noticed Natasha
   987 | D:2      | Killed Natasha
  1117 | D:2      | Found a glowing golden altar of the Shining One.
  1203 | D:2      | Noticed Natasha
  1212 | D:2      | Killed Natasha
  1304 | D:3      | Reached XP level 5. HP: 20/41 MP: 5/5
  1515 | D:3      | Killed from afar by an orc priest

Skill      XL: |  1  2  3  4 |
---------------+-------------+-----
Shields        | 3 |  3.6
Armour         | 3 |  3.3
Long Blades    | 2 3 |  3.3
Fighting       | |  3.6
Dodging        | |  0.3

Action                   |  1- 3 |  4- 6 || total
-------------------------+-------+-------++-------
Melee: Long sword        |    97 |    61 ||   158
  Use: Potion            |       |     2 ||     2
  Eat: Chunk             |       |     2 ||     2
Armor: Scale mail        |    22 |       ||    22
       Plate armour      |    41 |    43 ||    84
Dodge: Dodged            |    25 |    11 ||    36
Block: Shield            |    52 |    51 ||   103
       Rpst.: Long sword |    11 |     3 ||    14
